AoeStats
← Mr.Black

Lombardia

507609954Analyzed
4v4 RM · 12d ago on Sep 19, 2026· 46m 25s· 8 players
Game mode
Random Map
Map size
Large (8 player)
Population
200
Speed
Normal
Resources
Standard
Victory
Conquest
Starting age
Dark Age
Ending age
Imperial Age
RankedLock teamsTeams togetherTeam positionsShared explorationLock speedFull tech treeHidden civsTurbo modeCheats
Victory
Defeat
🇺🇸 Magyars · United States
1221
+10
🇨🇦 Cumans · Canada
1097
+15
🇺🇸 Japanese · United States
1042
+17
1033
+18
🇨🇳 Franks · China
1100
-16
🇨🇱 Britons · Chile
1069
-15
🇧🇷 Khmer · Brazil
1067
-15
🇩🇪 Hindustanis · Germany
1064
-14
Kazule
7:13 Loom
11:44 Feudal Age
15:56 Castle Age
16:36 Double-Bit Axe
16:33 Horse Collar
17:58 Bow Saw
18:07 Gold Mining
24:05 Wheelbarrow
24:59 Heavy Plow
25:37 Fletching
25:48 Padded Archer Armor
27:01 Hand Cart
31:53 Imperial Age
30:19 Town Watch
30:48 Bodkin Arrow
31:28 Gold Mining
31:32 Stone Mining
32:15 Corvinian Army
32:25 Scale Barding Armor
34:22 Crop Rotation
34:55 Two-Man Saw
34:54 Conscription
33:55 Elite Magyar Huszar
34:49 Thumb Ring
35:12 Bracer
35:29 Leather Archer Armor
36:41 Chemistry
36:42 Parthian Tactics
37:01 Chain Barding Armor
38:33 Ballistics
39:01 Hoardings
38:07 Heavy Cavalry Archer
41:28 Plate Barding Armor
43:50 Recurve Bow
ClevsTheDevs
11:42 Feudal Age
18:55 Castle Age
17:22 Double-Bit Axe
17:19 Horse Collar
21:13 Pikeman
22:12 Forging
27:26 Scale Mail Armor
28:38 Bow Saw
28:33 Heavy Plow
30:55 Chain Mail Armor
32:23 Wheelbarrow
31:35 Loom
32:14 Squires
33:45 Hand Cart
36:59 Iron Casting
43:38 Imperial Age
42:33 Masonry
43:22 Arson
43:38 Halberdier
45:23 Blast Furnace
44:53 Plate Mail Armor
45:07 Elite Samurai
46:17 Conscription
45:18 Elite Samurai
The Viper (Minus quick walls)
6:56 Loom
9:11 Feudal Age
9:50 Double-Bit Axe
12:15 Horse Collar
13:05 Forging
14:00 Scale Barding Armor
13:57 Horse Collar
17:54 Wheelbarrow
21:43 Castle Age
21:05 Fletching
21:24 Gold Mining
23:26 Bloodlines
23:23 Bodkin Arrow
24:22 Husbandry
25:50 Thumb Ring
26:06 Bloodlines
27:02 Padded Archer Armor
28:23 Leather Archer Armor
28:17 Heavy Plow
28:29 Bow Saw
29:29 Ballistics
32:01 Hand Cart
36:56 Imperial Age
34:14 Town Watch
37:50 Town Patrol
37:50 Elite Mangudai
40:06 Conscription
40:20 Bracer
42:23 Stone Mining
44:11 Chemistry
42:49 Capped Ram
GrandMasterTitties
9:28 Loom
12:48 Feudal Age
17:05 Castle Age
15:12 Double-Bit Axe
15:11 Horse Collar
18:46 Wheelbarrow
19:22 Bow Saw
19:14 Heavy Plow
25:01 Town Watch
25:37 Hand Cart
28:00 Gold Mining
28:30 Town Patrol
29:31 Gold Shaft Mining
28:48 Stone Mining
30:47 Scale Barding Armor
31:41 Masonry
34:02 Imperial Age
32:02 Bloodlines
32:20 Chain Barding Armor
33:33 Forging
35:39 Iron Casting
35:40 Plate Barding Armor
34:28 Cavalier
37:35 Blast Furnace
35:57 Paladin
37:03 Fletching
37:14 Padded Archer Armor
37:17 Caravan
38:42 Bodkin Arrow
39:11 Ballistics
39:51 Chemistry
44:28 Conscription
44:11 Steppe Husbandry
44:51 Hoardings
44:15 Murder Holes
44:38 Leather Archer Armor
46:38 Ring Archer Armor
46:45 Parthian Tactics
Mr.Black
9:20 Feudal Age
9:07 Loom
11:53 Double-Bit Axe
14:37 Horse Collar
14:50 Town Watch
19:27 Wheelbarrow
21:53 Castle Age
22:45 Castle Age
23:29 Fletching
24:21 Light Cavalry
24:27 Crossbowman
26:35 Bow Saw
26:22 Gold Mining
27:37 Elite Skirmisher
31:02 Padded Archer Armor
30:36 Pikeman
32:05 Heavy Plow
40:37 Imperial Age
41:54 Forging
43:16 Halberdier
43:59 Squires
45:25 Hand Cart
Achileus
11:15 Feudal Age
9:33 Loom
17:23 Castle Age
18:14 Double-Bit Axe
18:12 Horse Collar
21:35 Bloodlines
26:24 Scale Barding Armor
26:33 Forging
31:45 Wheelbarrow
36:26 Fletching
36:37 Padded Archer Armor
39:30 Pikeman
43:55 Imperial Age
45:12 Heavy Camel Rider
TT
2:00 Loom
13:29 Feudal Age
14:47 Town Watch
17:30 Castle Age
15:41 Double-Bit Axe
16:00 Horse Collar
17:40 Wheelbarrow
30:57 Imperial Age
29:33 Hand Cart
31:18 Husbandry
31:28 Bloodlines
31:02 Cavalier
32:26 Murder Holes
32:52 Ballistics
38:49 Chemistry
37:55 Siege Engineers
38:08 Double Crossbow
38:11 Heavy Scorpion
40:31 Bow Saw
45:36 Heavy Plow
139
4:43 Loom
12:01 Feudal Age
16:11 Castle Age
15:07 Scale Barding Armor
15:12 Forging
18:05 Double-Bit Axe
21:52 Wheelbarrow
27:15 Bow Saw
27:00 Gold Mining
29:18 Chain Barding Armor
30:46 Hand Cart
32:06 Husbandry
32:44 Iron Casting
33:29 Gold Shaft Mining
32:45 Stone Mining
38:55 Imperial Age
39:31 Cavalier
41:25 Plate Barding Armor
41:51 Blast Furnace
Connection lost

Rejoining the realm…

Still unreachable

The connection could not be restored.

Session expired

The server has moved on; the page needs a fresh start.